 Dungeon Crawl Stone Soup version 0.28.0-43-g3370ac3207 (webtiles) character file.

Game seed: 11426645491782271590

14982 xzight the Cleaver (level 12, -11/79 HPs)
             Began as a Gargoyle Fighter on Mar 1, 2022.
             Was a Believer of Okawaru.
             Mangled by a two-headed ogre
             ... wielding a +0 giant spiked club
              (16 damage)
             ... on level 10 of the Dungeon.
             The game lasted 00:43:10 (16744 turns).

xzight the Cleaver (Gargoyle Fighter)              Turns: 16744, Time: 00:43:10

Health: -11/79     AC: 30    Str: 24    XL:     12   Next: 22%
Magic:  12/12      EV:  7    Int: 10    God:    Okawaru [**....]
Gold:   457        SH:  0    Dex:  9    Spells: 11/11 levels left

rFire   + . .      SeeInvis .   a - +2 battleaxe
rCold   . . .      Faith    .   (shield currently unavailable)
rNeg    + . .      Spirit   .   x - +0 plate armour
rPois   ∞          Reflect  .   e - +0 helmet
rElec   +          Harm     .   C - +1 cloak {rPois}
rCorr   +          Rampage  .   (no gloves)
Will    .....                   y - +1 pair of boots {Stlth+}
Stlth   ..........              E - amulet of the acrobat
HPRegen 0.23/turn               F - ring of protection from fire
MPRegen 0.13/turn               R - ring of resist corrosion

@: no status effects
A: sickness immunity, AC +8, negative energy resistance 1, electricity
resistance, torment resistance 1, petrification resistance
a: Renounce Religion, Heroism


You were on level 10 of the Dungeon.
You worshipped Okawaru.
Okawaru was pleased with you.
You visited 3 branches of the dungeon, and saw 13 of its levels.
You also visited: Bailey.

You collected 739 gold pieces.
You spent 282 gold pieces at shops.


Innate Abilities, Weirdness & Mutations

You are immune to sickness and miasma.
Your stone body is resilient. (AC +8)
You are immune to poison.
You resist negative energy. (rN+)
You are resistant to electric shocks. (rElec)
You are resistant to unholy torment.
You are immune to petrification.


   Skills:
 + Level 10.6 Fighting
 * Level 12.0 Axes
 + Level 10.6 Armour
 - Level 8.5 Shields


You had 11 spell levels left.
You didn't know any spells.
Your spell library contained the following spells:

 Spells                   Type           Power      Damage    Failure   Level
 Foxfire                  Conj/Fire      0%         2x1d4     99%         1
 Magic Dart               Conj           0%         1d3       99%         1
 Pain                     Necr           0%         1d4       99%         1
 Static Discharge         Conj/Air       0%         N/A       99%         2
 Conjure Flame            Conj/Fire      0%         6-21      100%        3
 Ignite Poison            Fire/Tmut/Pois 0%         N/A       100%        3
 Inner Flame              Hex/Fire       0%         N/A       100%        3
 Mephitic Cloud           Conj/Pois/Air  0%         N/A       100%        3
 Vampiric Draining        Necr           0%         2d6       100%        3
 Dispel Undead            Necr           0%         3d6       100%        4
 Flame Wave               Conj/Fire      0%         2d4       100%        4
 Passage of Golubria      Tloc           0%         N/A       100%        4
 Sticky Flame             Conj/Fire      0%         2d3       100%        4
 Freezing Cloud           Conj/Ice/Air   0%         6-21      100%        5
 Yara's Violent Unravell  Hex/Tmut       0%         3d3       100%        5
 Eringya's Noxious Bog    Tmut/Pois      0%         N/A       100%        6
 Animate Skeleton         Necr           Unusable   N/A       N/A         1
 Summon Small Mammal      Summ           Unusable   N/A       N/A         1
 Call Imp                 Summ           Unusable   N/A       N/A         2
 Call Canine Familiar     Summ           Unusable   N/A       N/A         3
 Summon Guardian Golem    Hex/Summ       Unusable   N/A       N/A         3
 Tukima's Dance           Hex            Unusable   N/A       N/A         3
 Summon Ice Beast         Ice/Summ       Unusable   N/A       N/A         4
 Summon Forest            Summ/Tloc      Unusable   N/A       N/A         5
 Summon Mana Viper        Hex/Summ       Unusable   N/A       N/A         5
 Monstrous Menagerie      Summ           Unusable   N/A       N/A         7
 Summon Hydra             Summ           Unusable   N/A       N/A         7

Inventory:

Hand Weapons
 a - a +2 battleaxe (weapon)
 b - a +2 morningstar
Armour
 e - a +0 helmet (worn)
 i - a +1 kite shield of cold resistance
 x - a +0 plate armour (worn)
 y - a +1 pair of boots of stealth (worn)
 C - a +1 cloak of poison resistance (worn)
Magical Staves
 G - a staff of cold {!a}
Jewellery
 v - an amulet of faith {!P}
 E - an amulet of the acrobat (around neck)
 F - a ring of protection from fire (left hand)
 N - a ring of positive energy
 R - a ring of resist corrosion (right hand)
Wands
 c - a wand of paralysis (5)
 d - a wand of polymorph (7)
 s - a wand of flame (26)
 z - a wand of digging (4)
 I - a wand of acid (5)
Scrolls
 f - a scroll of enchant armour {unknown}
 g - a scroll of fog {unknown}
 h - a scroll of noise {unknown}
 j - a scroll of vulnerability {unknown}
 k - a scroll of acquirement {unknown}
 l - 6 scrolls of teleportation {@r2}
 q - 2 scrolls of fear
 u - 2 scrolls of torment {unknown}
 w - a scroll of immolation {unknown}
 A - 3 scrolls of enchant weapon
 B - a scroll of amnesia {unknown}
 D - 2 scrolls of magic mapping {unknown}
Potions
 m - 2 potions of magic
 n - 4 potions of curing {@q1}
 o - 2 potions of flight
 p - a potion of ambrosia
 r - 2 potions of brilliance
 t - 3 potions of attraction
Miscellaneous
 H - a lightning rod (4/4)

Dungeon Overview and Level Annotations

Branches:
Dungeon (11/15)            Temple (1/1) D:5            Lair (1/6) D:9
    Orc (0/2) D:11         Bailey (visited)

Altars:
Ashenzari
Cheibriados
Dithmenos
Elyvilon
Fedhas
Gozag
Hepliaklqana
Kikubaaqudgha
Makhleb
Nemelex Xobeh
Okawaru
Qazlal
Ru
Sif Muna
Trog
Uskayaw
Vehumet
Wu Jian
Xom
Yredelemnul
Zin
The Shining One

Shops:
D:6 =   D:8 = D:11

**([ ..# #...# #..#
#.....)[... ..# #...# #..#
#..######.. ..#####...#
#..######..# #..
..........# #..........#
#.. .[........#
#...>......# #..
..######..# #..........#
#.. ..# #..# #..........#
#.. ..# #..# #.O........#
#.. ..# #..# #.@........#
#.. ..# #..# #..........#
#.. ..# #..#
#..........######.. ..#
#..# #..................
..# #..#
#.................. ..#
#..#####..........#######.
..# #.................# #.
..# #..######.........# #.
..# #..# #.........# #.


You could see a two-headed ogre.


Message History

The two-headed ogre hits you but does no damage.
The two-headed ogre hits you with a +0 giant club.
You barely miss the two-headed ogre.
The two-headed ogre is severely wounded.
The two-headed ogre hits you with a +0 giant spiked club!
* * * LOW HITPOINT WARNING * * *
The two-headed ogre hits you with a +0 giant club.
* * * LOW HITPOINT WARNING * * *
You hit the two-headed ogre.
The two-headed ogre is almost dead.
You hit the two-headed ogre.
The two-headed ogre is almost dead.
The two-headed ogre hits you but does no damage.
The two-headed ogre hits you with a +0 giant club!
* * * LOW HITPOINT WARNING * * *
You barely miss the two-headed ogre.
The two-headed ogre is almost dead.
The two-headed ogre hits you with a +0 giant spiked club!
* * * LOW HITPOINT WARNING * * *
The two-headed ogre hits you but does no damage.
You barely miss the two-headed ogre.
The two-headed ogre is almost dead.
The two-headed ogre hits you but does no damage.
The two-headed ogre hits you with a +0 giant club!
* * * LOW HITPOINT WARNING * * *
Okay, then.
You barely miss the two-headed ogre.
The two-headed ogre is almost dead.
The two-headed ogre hits you with a +0 giant spiked club!
You die...

Skill      XL: |  1  2  3  4  5  6  7  8  9 10 11 12 |
---------------+-------------------------------------+-----
Axes           | 2 3 4 5 6 8 9 11 12 | 12.0
Fighting       | 4 5 6 7 8 10 | 10.6
Armour         | 4 5 6 7 8 10 | 10.6
Shields        | 4 5 6 7 8 |  8.5

Action                   |  1- 3 |  4- 6 |  7- 9 | 10-12 || total
-------------------------+-------+-------+-------+-------++-------
Melee: War axe           |    60 |   155 |   360 |   230 ||   805
       Unarmed           |       |     5 |       |       ||     5
       Battleaxe         |       |       |       |   355 ||   355
  Use: Scroll            |       |     3 |     1 |     8 ||    12
       Potion            |       |     2 |     7 |     4 ||    13
Armor: Scale mail        |    40 |    83 |    65 |       ||   188
       Skin              |       |     1 |       |       ||     1
       Plate armour      |       |       |   254 |   444 ||   698
Dodge: Dodged            |    34 |    72 |   173 |   208 ||   487
Block: Buckler           |    18 |    27 |    97 |    48 ||   190

Levels and vault maps discovered:
D:1:      lightli_arrival_flooded_house, layout_loops_ring,
          ebering_ecumenical_altar_sacrificial
D:2:      layout_loops_ring, basic_altar, uniq_natasha
D:3:      layout_loops_corners, grunt_decor_resistance, uniq_sigmund,
          uniq_jessica, uniq_grinder
D:4:      layout_loops_ring
D:5:      layout_rooms, lemuel_round_altar,
          nzn_overflow_gifts_of_might_and_magic, minmay_temple_entry_slanted
D:6:      layout_basic, zin_scriptorium, serial_shops, shop, enter_ossuary_3,
          uniq_maggie, uniq_menkaure
D:7:      layout_rooms, enter_bailey_3
D:8:      layout_loops_corners, serial_shops, shop, serial_bayou_pond_e
D:9:      kennysheep_windowed_halls, layout_rooms, grunt_temple_overflow_open,
          cheibrodos_ashenzari_chains, dpeg_oklobed_lair, uniq_joseph
D:10:     layout_long_grid
D:11:     lemuel_ogre_cave, layout_gridville, orc_david_3,
          palyth_stone_intersect, minmay_shop_grid_forest
Temple:   zaba_magenta_temple
Lair:1:   layout_roguey, serial_forest, infiniplex_forest_join,
          infiniplex_forest_zigzag_1, infiniplex_forest_zigzag_2,
          infiniplex_forest_zigzag_1, infiniplex_forest_straight_4,
          infiniplex_forest_zigzag_2, infiniplex_forest_end_1,
          grunt_megastairs_5

Notes
Turn   | Place    | Note
-------+----------+-------------------------------------------
     0 | D:1      | xzight the Gargoyle Fighter began the quest for the Orb.
     0 | D:1      | Reached XP level 1. HP: 14/14 MP: 1/1
    74 | D:1      | Found a faded altar of an unknown god.
   130 | D:1      | Reached skill level 2 in Axes
   196 | D:1      | Reached XP level 2. HP: 16/19 MP: 2/2
   798 | D:2      | Found an ornate altar of the Wu Jian Council.
   813 | D:2      | Reached XP level 3. HP: 23/23 MP: 3/3
   828 | D:2      | Noticed Natasha
   840 | D:2      | Killed Natasha
   915 | D:2      | Noticed Natasha
   920 | D:2      | Reached XP level 4. HP: 7/29 MP: 4/4
  1693 | D:2      | Reached skill level 3 in Axes
  1856 | D:2      | Killed Natasha
  1857 | D:2      | Reached skill level 4 in Fighting
  1857 | D:2      | Reached skill level 4 in Armour
  1857 | D:2      | Reached skill level 4 in Shields
  1857 | D:2      | Reached XP level 5. HP: 8/33 MP: 5/5
  2935 | D:3      | Reached XP level 6. HP: 39/39 MP: 6/6
  3079 | D:3      | Noticed Jessica
  3105 | D:3      | Killed Jessica
  3289 | D:3      | Noticed Sigmund
  3310 | D:3      | Killed Sigmund
  3311 | D:3      | Reached skill level 4 in Axes
  3580 | D:3      | Noticed Grinder
  3826 | D:3      | Paralysed by Grinder for 6 turns
  3840 | D:3      | Killed Grinder
  3841 | D:3      | Reached skill level 5 in Fighting
  3841 | D:3      | Reached skill level 5 in Armour
  3841 | D:3      | Reached skill level 5 in Shields
  3841 | D:3      | Reached XP level 7. HP: 42/44 MP: 7/7
  4104 | D:4      | Reached skill level 5 in Axes
  4647 | D:4      | Reached XP level 8. HP: 49/49 MP: 8/8
  4993 | D:5      | Entered Level 5 of the Dungeon
  5055 | D:5      | Found a staircase to the Ecumenical Temple.
  5078 | Temple   | Entered the Ecumenical Temple
  5432 | D:5      | Found a burning altar of Makhleb.
  5610 | D:5      | Found a shimmering blue altar of Sif Muna.
  5696 | D:5      | Got Sif Muna's Volume of the Escort
  5701 | D:5      | Found a bloodstained altar of Trog.
  5707 | D:5      | HP: 5/51 [orc warrior/+0 glaive (14)]
  5715 | D:5      | Reached skill level 6 in Axes
  6038 | D:6      | Noticed Menkaure
  6049 | D:6      | Killed Menkaure
  6050 | D:6      | Reached skill level 6 in Fighting
  6050 | D:6      | Reached skill level 6 in Armour
  6050 | D:6      | Reached skill level 6 in Shields
  6327 | D:6      | Found a glowing silver altar of Zin.
  6435 | D:6      | Noticed Maggie
  6454 | D:6      | HP: 5/51 [Maggie/bolt of fire (14)]
  6455 | D:6      | Killed Maggie
  6456 | D:6      | Reached XP level 9. HP: 5/56 MP: 9/9
  7221 | D:6      | Found Udoucatet's Jewellery Boutique.
  7653 | D:7      | Reached skill level 7 in Axes
  8175 | D:7      | Found a flagged portal.
  8224 | D:7      | Reached skill level 7 in Fighting
  8224 | D:7      | Reached skill level 7 in Armour
  8224 | D:7      | Reached skill level 7 in Shields
  8251 | Bailey   | Entered a bailey
  8796 | Bailey   | Noticed a gargoyle
  8809 | Bailey   | Killed a gargoyle
  8810 | Bailey   | Reached skill level 8 in Axes
  9275 | D:7      | Reached XP level 10. HP: 60/63 MP: 10/10
 10078 | D:8      | Reached skill level 8 in Armour
 10081 | D:8      | Reached skill level 8 in Shields
 10496 | D:8      | Reached skill level 8 in Fighting
 10542 | D:8      | Found Kybur's Jewellery Boutique.
 10885 | D:9      | Found a broken altar of Ashenzari.
 10901 | D:9      | Found a staircase to the Lair.
 10923 | D:9      | Found a basalt altar of Yredelemnul.
 10938 | D:9      | Reached skill level 9 in Axes
 11246 | D:9      | Noticed Joseph
 11274 | D:9      | Killed Joseph
 11435 | D:9      | Noticed a two-headed ogre
 11504 | D:9      | Killed a two-headed ogre
 11505 | D:9      | Reached XP level 11. HP: 35/69 MP: 11/11
 11525 | D:9      | Reached skill level 10 in Axes
 11532 | D:9      | Reached skill level 9 in Armour
 11712 | D:9      | Found an ornate altar of the Wu Jian Council.
 11712 | D:9      | Found an iron altar of Okawaru.
 11796 | D:9      | Reached skill level 9 in Fighting
 12415 | D:9      | Noticed a brown ugly thing
 12423 | D:9      | Killed a brown ugly thing
 12621 | D:9      | Noticed a centaur warrior
 12624 | D:9      | Noticed a tengu warrior
 12653 | D:9      | Killed a tengu warrior
 12661 | D:9      | Killed a centaur warrior
 13029 | D:9      | Became a worshipper of Warmaster Okawaru
 13048 | D:10     | Entered Level 10 of the Dungeon
 13118 | D:10     | Reached skill level 11 in Axes
 13274 | D:10     | Noticed a two-headed ogre
 14185 | D:10     | Reached * piety under Okawaru
 14196 | D:10     | Reached skill level 10 in Armour
 14438 | D:10     | Reached skill level 10 in Fighting
 14815 | D:11     | Found a staircase to the Orcish Mines.
 15291 | D:11     | Reached XP level 12. HP: 63/77 MP: 12/12
 15463 | D:11     | Found Deiduylo's Assorted Antiques.
 15465 | D:11     | Found Kaem's Antique Weapon Shoppe.
 15468 | D:11     | Found Nocwaamm's General Store.
 15471 | D:11     | Bought a scroll of identify for 72 gold pieces
 15476 | D:11     | Found Abaitiji's Antique Armour Shoppe.
 15481 | D:11     | Bought a runed cloak for 210 gold pieces
 15659 | D:11     | Reached ** piety under Okawaru
 16182 | Lair:1   | Entered Level 1 of the Lair of Beasts
 16265 | Lair:1   | Reached skill level 12 in Axes
 16586 | Lair:1   | Noticed a seven-headed hydra
 16743 | D:10     | HP: 5/79 [two-headed ogre/+0 giant spiked club (11)]
 16744 | D:10     | Mangled by a two-headed ogre

Vanquished Creatures
  A centaur warrior (D:9)
  A two-headed ogre (D:9)
  A tengu warrior (D:9)
  An ugly thing (D:9)
  A manticore (D:11)
  Joseph (D:9)
  A black mamba (Lair:1)
  A gargoyle (Bailey)
  Maggie (D:6)
  An unseen horror (D:10)
  A rime drake (Lair:1)
  A troll (D:9)
  A hornet (D:11)
  Grinder (D:3)
  Sigmund (D:3)
  2 shadows (D:9)
  2 wraiths
  A vampire (D:11)
  24 yaks
  2 steam dragons
  Menkaure (D:6)
  4 vampire mosquitoes (D:11)
  A water moccasin (D:7)
  A black bear (D:4)
  2 necrophages (D:5)
  7 ogres
  8 orc warriors
  A sky beast (D:7)
  2 centaurs
  A kobold brigand (D:9)
  3 bullfrogs
  A gnoll sergeant (D:10)
  A scorpion (D:7)
  A water moccasin skeleton (D:5)
  5 killer bees (D:7)
  22 wights
  8 vampire bats (Bailey)
  4 howler monkeys
  2 centaur zombies
  2 bullfrog skeletons
  2 hounds
  3 orc priests
  A centaur skeleton (D:7)
  Jessica (D:3)
  2 iguanas
  7 orc wizards
  Natasha (twice) (D:2)
  A hound skeleton (D:4)
  A howler monkey zombie (D:9)
  8 gnolls
  10 adders
  4 white imps
  2 ufetubi (D:6)
  A worm (D:3)
  4 dart slugs
  29 orcs
  4 endoplasms
  2 giant cockroaches
  6 goblins
  8 hobgoblins
  4 jackals (D:3)
  10 ball pythons
  4 bats
  3 frilled lizards
  7 kobolds
  A kobold zombie (D:6)
  17 orc zombies (Bailey)
  10 rats
  A rat zombie (D:6)
278 creatures vanquished.

Vanquished Creatures (others)
  2 bushes (Lair:1)
  4 fungi
  27 plants
33 creatures vanquished.

Grand Total: 311 creatures vanquished

Table legend: (Time is in decaauts)
 A = Elapsed time spent in this place.
 B = Non-inter-level travel time spent in this place.
 C = Inter-level travel time spent in this place.
 D = Time resting spent in this place.
 E = Time spent auto-exploring this place.
 F = Levels seen in this place.
 G = Mean time per level.
                   A        B        C        D        E       F      G
               +--------+--------+--------+--------+--------+-----+--------+
         Total |  16938 |  16387 |    551 |   6095 |   6801 |  14 | 1209.9 |
       Dungeon |  15503 |  14970 |    533 |   5469 |   6403 |  11 | 1409.4 |
        Temple |    156 |    139 |     17 |      0 |     50 |   1 |  156.0 |
          Lair |    460 |    460 |      0 |    169 |    198 |   1 |  460.0 |
        Bailey |    818 |    818 |      0 |    457 |    150 |   1 |  818.0 |
               +--------+--------+--------+--------+--------+-----+--------+

Top non-repeatable levels by time:
     D:9: 2286 daAuts
     D:3: 1961 daAuts
    D:10: 1579 daAuts
     D:8: 1491 daAuts
     D:6: 1451 daAuts
    D:11: 1386 daAuts
     D:7: 1178 daAuts
     D:1: 1151 daAuts
     D:5: 1021 daAuts
     D:2: 1009 daAuts
     D:4: 985 daAuts
  Bailey: 818 daAuts
  Lair:1: 460 daAuts
  Temple: 156 daAuts

Table legend:
 A = Non-vault XP
 B = Vault XP
 C = Vault XP percentage of total XP
 D = Non-vault monster count
 E = Vault monster count
 F = Vault count percentage of total count
                 A         B        C        D         E       F
            +---------+---------+-------+---------+---------+-------
      Total |   12885 |    8518 |  39.8 |     207 |      71 |  25.5
            +---------+---------+-------+---------+---------+-------
        D:1 |      31 |       0 |   0.0 |      13 |       0 |   0.0
        D:2 |     115 |      35 |  23.3 |      15 |       1 |   6.2
        D:3 |     167 |     527 |  75.9 |      34 |       3 |   8.1
        D:4 |     360 |       0 |   0.0 |      21 |       0 |   0.0
        D:5 |     405 |     160 |  28.3 |       7 |       2 |  22.2
        D:6 |     320 |     572 |  64.1 |      10 |       4 |  28.6
        D:7 |    1248 |       6 |   0.5 |      21 |       4 |  16.0
        D:8 |    1728 |       0 |   0.0 |      26 |       0 |   0.0
        D:9 |    2383 |    5383 |  69.3 |      22 |      21 |  48.8
       D:10 |    2688 |       0 |   0.0 |      24 |       0 |   0.0
       D:11 |    2525 |     871 |  25.6 |      11 |      10 |  47.6
     Lair:1 |     915 |       0 |   0.0 |       3 |       0 |   0.0
     Bailey |       0 |     964 | 100.0 |       0 |      26 | 100.0
            +---------+---------+-------+---------+---------+-------
